APL (24 & UNDER)
NANTUCKET ORCAS @ STATE COLLEGE SPIKES
08/27/2025
 
TOP OF THE 1ST
Nantucket Orcas batting - Pitching for State College Spikes : LHP Alberto Ruíz
Pitching: LHP Alberto Ruíz
Batting: RHB Jorge Hernández 0-0: Called Strike
0-1: Foul Ball, location: 2F
0-2: Ball
1-2: Reached on error, E6 (Groundball, 6)
Batting: SHB Cory Campbell 0-0: Ball
1-0: Called Strike
Jorge Hernández is caught stealing 2nd base
1-1: Foul Ball, location: 2F
1-2: Foul Ball, location: 2F
1-2: Foul Ball, location: 2F
1-2: Ball
2-2: Ground out 1-3 (Groundball, 15)
Batting: RHB Ramón Díaz 0-0: Ball
1-0: Called Strike
1-1: DOUBLE (Line Drive, 89D)
Batting: LHB Noah Gillespie 0-0: Called Strike
0-1: Ball
1-1: Foul Ball, location: 2F
1-2: Foul Ball, location: 2F
1-2: Foul Ball, location: 2F
1-2: Strikes out looking
Top of the 1st over - 0 run(s), 1 hit(s), 1 error(s), 1 left on base; Nantucket 0 - State College 0
BOTTOM OF THE 1ST
State College Spikes batting - Pitching for Nantucket Orcas : RHP Pedro Santiago
Pitching: RHP Pedro Santiago
Batting: RHB Alonzo Herrera 0-0: Swinging Strike
0-1: SINGLE (Groundball, 56D)
Batting: RHB Javier Peña 0-0: Called Strike
0-1: Foul Ball, location: 2F
0-2: Grounds into double play, 4-6-3 (Groundball, 34)
Batting: RHB Eric Knight 0-0: Called Strike
0-1: Ball
1-1: Fly out, F3 (Popup, 3SF)
Bottom of the 1st over - 0 run(s), 1 hit(s), 0 error(s), 0 left on base; Nantucket 0 - State College 0
TOP OF THE 2ND
Nantucket Orcas batting - Pitching for State College Spikes : LHP Alberto Ruíz
Batting: RHB Anastasio Villa 0-0: Fly out, F9 (Flyball, 89M)
Batting: RHB César Osequedo 0-0: Called Strike
0-1: Called Strike
0-2: Ball
1-2: Strikes out swinging
Batting: RHB Scotty Hicks 0-0: Ball
1-0: Called Strike
1-1: TRIPLE (Line Drive, 7LS)
Batting: RHB Roberto Canó 0-0: Ground out 6-3 (Groundball, 6M)
Top of the 2nd over - 0 run(s), 1 hit(s), 0 error(s), 1 left on base; Nantucket 0 - State College 0
BOTTOM OF THE 2ND
State College Spikes batting - Pitching for Nantucket Orcas : RHP Pedro Santiago
Batting: SHB Clint Woods 0-0: Ball
1-0: Ball
2-0: Swinging Strike
2-1: Foul Ball, location: 2F
2-2: Ball
3-2: Foul Ball, location: 2F
3-2: Foul Ball, location: 2F
3-2: Strikes out swinging
Batting: RHB Blair Whitehead 0-0: Ground out 5-3 (Groundball, 5L)
Batting: RHB Norberto Márquez 0-0: Ball
1-0: Ground out 4-3 (Groundball, 4M)
Bottom of the 2nd over - 0 run(s), 0 hit(s), 0 error(s), 0 left on base; Nantucket 0 - State College 0
TOP OF THE 3RD
Nantucket Orcas batting - Pitching for State College Spikes : LHP Alberto Ruíz
Batting: RHB Domingo Hernández 0-0: Ball
1-0: Ball
2-0: Called Strike
2-1: Called Strike
2-2: Fly out, F9 (Flyball, 9M)
Batting: RHB Jorge Hernández 0-0: SINGLE (Popup, 6D)
Batting: SHB Cory Campbell 0-0: Swinging Strike
0-1: Ball
1-1: Ball
2-1: Foul Ball, location: 2F
2-2: Fielders Choice at 2nd, 5-4 (Groundball, 56)
Batting: RHB Ramón Díaz 0-0: Ball
1-0: Ball
2-0: Called Strike
2-1: SINGLE (Line Drive, 3D)
Cory Campbell to second
Runner from 2nd tries for 3rd, SAFE, no throw or cutoff
Batting: LHB Noah Gillespie 0-0: Ball
1-0: Ground out 3-1 (Groundball, 34)
Top of the 3rd over - 0 run(s), 2 hit(s), 0 error(s), 2 left on base; Nantucket 0 - State College 0
BOTTOM OF THE 3RD
State College Spikes batting - Pitching for Nantucket Orcas : RHP Pedro Santiago
Batting: LHB Burt Ward 0-0: Called Strike
0-1: Called Strike
0-2: Strikes out looking
Batting: RHB Andrew Deal 0-0: Foul Ball, location: 2F
0-1: Bunt missed!
0-2: Strikes out swinging
Batting: LHB Robin Jamieson 0-0: Ground out U3 (Groundball, 3)
Bottom of the 3rd over - 0 run(s), 0 hit(s), 0 error(s), 0 left on base; Nantucket 0 - State College 0
TOP OF THE 4TH
Nantucket Orcas batting - Pitching for State College Spikes : LHP Alberto Ruíz
Batting: RHB Anastasio Villa 0-0: SOLO HOME RUN (Flyball, 8LXD), Distance : 433 ft
Batting: RHB César Osequedo 0-0: Ball
1-0: Ball
2-0: SINGLE (Line Drive, 5D)
Batting: RHB Scotty Hicks 0-0: Ball
1-0: Ball
2-0: Called Strike
2-1: Grounds into double play, 6-4-3 (Groundball, 6)
Batting: RHB Roberto Canó 0-0: Foul Ball, location: 2F
0-1: Swinging Strike
0-2: Strikes out swinging
Top of the 4th over - 1 run(s), 2 hit(s), 0 error(s), 0 left on base; Nantucket 1 - State College 0
BOTTOM OF THE 4TH
State College Spikes batting - Pitching for Nantucket Orcas : RHP Pedro Santiago
Batting: RHB Alonzo Herrera 0-0: Ball
1-0: Ball
2-0: Foul Ball, location: 2F
2-1: Foul Ball, location: 2F
2-2: Strikes out swinging
Batting: RHB Javier Peña 0-0: Called Strike
0-1: Called Strike
0-2: Ball
1-2: Strikes out swinging
Batting: RHB Eric Knight 0-0: Called Strike
0-1: Ball
1-1: Called Strike
1-2: Strikes out swinging
Bottom of the 4th over - 0 run(s), 0 hit(s), 0 error(s), 0 left on base; Nantucket 1 - State College 0
TOP OF THE 5TH
Nantucket Orcas batting - Pitching for State College Spikes : LHP Alberto Ruíz
Batting: RHB Domingo Hernández 0-0: Swinging Strike
0-1: Swinging Strike
0-2: Strikes out swinging
Batting: RHB Jorge Hernández 0-0: Ball
1-0: Called Strike
1-1: Ground out 1-3 (Groundball, 13)
Batting: SHB Cory Campbell 0-0: Called Strike
0-1: Ball
1-1: Swinging Strike
1-2: Ground out 5-3 (Groundball, 5S)
Top of the 5th over - 0 run(s), 0 hit(s), 0 error(s), 0 left on base; Nantucket 1 - State College 0
BOTTOM OF THE 5TH
State College Spikes batting - Pitching for Nantucket Orcas : RHP Pedro Santiago
Batting: SHB Clint Woods 0-0: Ball
1-0: Swinging Strike
1-1: Foul Ball, location: 2F
1-2: Ball
2-2: Strikes out looking
Batting: RHB Blair Whitehead 0-0: Foul Ball, location: 2F
0-1: Foul Ball, location: 2F
0-2: Foul Ball, location: 2F
0-2: SINGLE (Groundball, 6)
Batting: RHB Norberto Márquez 0-0: Ball
1-0: Foul Ball, location: 2F
1-1: Ball
Wild Pitch!
Blair Whitehead to second
2-1: Foul Ball, location: 2F
2-2: Ball
3-2: Foul Ball, location: 2F
3-2: Strikes out looking
Batting: LHB Burt Ward 0-0: Ball
1-0: SINGLE (Flyball, 7S)
Blair Whitehead to third
Runner from 3rd tries for Home, SAFE, throw made home
Burt Ward to second
Batting: RHB Andrew Deal 0-0: Ball
1-0: Called Strike
1-1: Swinging Strike
1-2: Ball
2-2: Strikes out swinging
Bottom of the 5th over - 1 run(s), 2 hit(s), 0 error(s), 1 left on base; Nantucket 1 - State College 1
TOP OF THE 6TH
Nantucket Orcas batting - Pitching for State College Spikes : LHP Alberto Ruíz
Batting: RHB Ramón Díaz 0-0: Foul Ball, location: 2F
0-1: Ball
1-1: Called Strike
1-2: Ball
2-2: Strikes out swinging
Batting: LHB Noah Gillespie 0-0: Called Strike
0-1: Swinging Strike
0-2: Ball
1-2: Strikes out swinging
Batting: RHB Anastasio Villa 0-0: Ball
1-0: Foul Ball, location: 2F
1-1: Ball
2-1: Fly out, F4 (Popup, 6MD)
Top of the 6th over - 0 run(s), 0 hit(s), 0 error(s), 0 left on base; Nantucket 1 - State College 1
BOTTOM OF THE 6TH
State College Spikes batting - Pitching for Nantucket Orcas : RHP Pedro Santiago
Batting: LHB Robin Jamieson 0-0: Called Strike
0-1: Foul Ball, location: 2F
0-2: Strikes out swinging
Batting: RHB Alonzo Herrera 0-0: Called Strike
0-1: Called Strike
0-2: Ball
1-2: Foul Ball, location: 2F
1-2: Ball
2-2: Ball
3-2: Foul Ball, location: 2F
3-2: Strikes out swinging
Batting: RHB Javier Peña 0-0: Foul Ball, location: 2F
0-1: Ball
1-1: Swinging Strike
1-2: Strikes out swinging
Bottom of the 6th over - 0 run(s), 0 hit(s), 0 error(s), 0 left on base; Nantucket 1 - State College 1
TOP OF THE 7TH
Nantucket Orcas batting - Pitching for State College Spikes : LHP Alberto Ruíz
Batting: RHB César Osequedo 0-0: Called Strike
0-1: SINGLE (Line Drive, 7S)
Pinch Hitting: RHB Anastasio Zartuche 0-0: Ball
1-0: Ball
2-0: Ball
3-0: Called Strike
3-1: Foul Ball, location: 2F
3-2: Fly out, F4 (Line Drive, 4)
3-2: Lined into DP, 4-3 (Line Drive, 4)
Batting: RHB Roberto Canó 0-0: Foul Ball, location: 2F
0-1: Ball
1-1: Foul Ball, location: 2F
1-2: DOUBLE (Groundball, 5L)
Pitching: RHP Chris Mitchell
Pinch Hitting: SHB Eric Pimentel 0-0: Ball
1-0: Foul Ball, location: 2F
1-1: Ball
2-1: DOUBLE (Line Drive, 8LXD)
Roberto Canó scores
Pinch Runner at 2nd Pepe Franco:
Batting: RHB Jorge Hernández 0-0: Swinging Strike
0-1: Foul Ball, location: 2F
0-2: Ball
1-2: Ball
2-2: Fly out, F7 (Flyball, 78XD)
Top of the 7th over - 1 run(s), 3 hit(s), 0 error(s), 1 left on base; Nantucket 2 - State College 1
BOTTOM OF THE 7TH
State College Spikes batting - Pitching for Nantucket Orcas : RHP Pedro Santiago
Now at 1B: Anastasio Zartuche
Now at 2B: Pepe Franco
Batting: RHB Eric Knight 0-0: Called Strike
0-1: Foul Ball, location: 2F
0-2: Strikes out looking
Batting: SHB Clint Woods 0-0: Ball
1-0: Ball
2-0: Foul Ball, location: 2F
2-1: Ball
3-1: Base on Balls
Pitching: RHP Loeck Adriaanse
Batting: RHB Blair Whitehead 0-0: Foul Ball, location: 2F
0-1: SINGLE (Groundball, 4MD)
Clint Woods to second
Pinch Hitting: SHB Thomas Simmons 0-0: Swinging Strike
0-1: Ball
1-1: Foul Ball, location: 2F
1-2: Ball
2-2: Strikes out swinging
Pinch Hitting: RHB Martín López 0-0: Called Strike
0-1: Called Strike
0-2: Ball
1-2: Ball
2-2: Foul Ball, location: 2F
2-2: Strikes out looking
Bottom of the 7th over - 0 run(s), 1 hit(s), 0 error(s), 2 left on base; Nantucket 2 - State College 1
TOP OF THE 8TH
Nantucket Orcas batting - Pitching for State College Spikes : RHP Chris Mitchell
Now at 3B: Rafael Ortíz
Now in RF: Thomas Simmons
Batting: SHB Cory Campbell 0-0: Ball
1-0: Ball
2-0: Ball
3-0: Base on Balls
Batting: RHB Ramón Díaz 0-0: Foul Ball, location: 2F
0-1: Ball
1-1: Ground out 5-3 (Groundball, 56S)
Cory Campbell to second
Batting: LHB Noah Gillespie 0-0: Foul Ball, location: 2F
0-1: Ball
Cory Campbell is caught stealing 3rd base
1-1: Foul Ball, location: 2F
1-2: Strikes out swinging
Top of the 8th over - 0 run(s), 0 hit(s), 0 error(s), 0 left on base; Nantucket 2 - State College 1
BOTTOM OF THE 8TH
State College Spikes batting - Pitching for Nantucket Orcas : RHP Loeck Adriaanse
Pitching: LHP Josh Chamberlain
Batting: RHB Andrew Deal 0-0: Called Strike
0-1: Ground out 6-3 (Groundball, 6)
Batting: LHB Robin Jamieson 0-0: Ball
1-0: Ground out 6-3 (Groundball, 6M)
Pitching: RHP Bob Schneider
Batting: RHB Alonzo Herrera 0-0: Ball
1-0: Reached on error, E5 (Groundball, 56)
Batting: RHB Javier Peña 0-0: Ball
1-0: Ball
2-0: Called Strike
2-1: SINGLE (Line Drive, 8RS)
Alonzo Herrera to second
Batting: RHB Eric Knight 0-0: Foul Ball, location: 2F
0-1: Ball
1-1: Foul Ball, location: 2F
1-2: Strikes out swinging
Bottom of the 8th over - 0 run(s), 1 hit(s), 1 error(s), 2 left on base; Nantucket 2 - State College 1
TOP OF THE 9TH
Nantucket Orcas batting - Pitching for State College Spikes : RHP Chris Mitchell
Pitching: RHP Bryan Glover
Batting: RHB Anastasio Villa 0-0: Foul Ball, location: 2F
0-1: Ball
1-1: Foul Ball, location: 2F
1-2: Ball
2-2: Fly out, F8 (Flyball, 8LS)
Batting: RHB César Osequedo 0-0: Foul Ball, location: 2F
0-1: Ball
1-1: Foul Ball, location: 2F
1-2: Ball
2-2: Strikes out looking
Batting: RHB Anastasio Zartuche 0-0: Called Strike
0-1: Called Strike
0-2: Ball
1-2: Strikes out swinging
Top of the 9th over - 0 run(s), 0 hit(s), 0 error(s), 0 left on base; Nantucket 2 - State College 1
BOTTOM OF THE 9TH
State College Spikes batting - Pitching for Nantucket Orcas : RHP Bob Schneider
Pitching: LHP José Rodríguez
Batting: SHB Clint Woods 0-0: Ball
1-0: Ball
2-0: Ball
3-0: Foul Ball, location: 2F
3-1: SINGLE (Groundball, 34D)
Batting: RHB Blair Whitehead 0-0: Called Strike
0-1: Swinging Strike
0-2: Ground out 2-3 (Groundball, 25)
Clint Woods to second
Batting: SHB Thomas Simmons 0-0: Called Strike
0-1: Foul Ball, location: 2F
0-2: Ball
1-2: Foul Ball, location: 2F
1-2: Ball
2-2: Foul Ball, location: 2F
2-2: SINGLE (Line Drive, 56)
Clint Woods to third
Runner from 3rd tries for Home, SAFE, throw made home
Thomas Simmons to second
Batting: RHB Rafael Ortíz 0-0: Intentional Walk
Pinch Hitting: RHB Luis Montoya 0-0: Fly out, F5 (Line Drive, 5S)
Pinch Hitting: RHB Scott Lee 0-0: SINGLE (Flyball, 89S)
Thomas Simmons to third
Rafael Ortíz to second
Runner from 3rd tries for Home, SAFE, no throw or cutoff
This league is powered by Out of the Park Baseball, the baseball management simulation game for PC, Mac and Linux
Tuesday, August 2nd, 2016 - OOTP Baseball 16.8 Build 38